 Dungeon Crawl Stone Soup version 0.27.1-34-g3ba077fa99 (webtiles) character file.

Game seed: 9807226431975255554

33 cbfl8 the Sneak (level 3, -2/33 HPs)
             Began as a Minotaur Delver on Jan 24, 2022.
             Slain by an orc (8 damage)
             ... on level 5 of the Dungeon.
             The game lasted 00:00:09 (15 turns).

cbfl8 the Sneak (Minotaur Delver)                     Turns: 15, Time: 00:00:10

Health: -2/33      AC:  3    Str: 17    XL:     3   Next: 12%
Magic:  2/2        EV: 12    Int:  7    God:
Gold:   0          SH:  0    Dex: 11    Spells: 2/2 levels left

rFire    . . .     SeeInvis .   a - +0 hand axe
rCold    . . .     Faith    .   (no shield)
rNeg     . . .     Spirit   .   b - +0 leather armour
rPois    .         Reflect  .   (helmet restricted)
rElec    .         Harm     .   (no cloak)
rCorr    .         Rampage  .   (no gloves)
Will     .....                  (no boots)
Stlth    ++........             (no amulet)
HPRegen  0.11/turn              (no ring)
MPRegen  0.08/turn              (no ring)

@: no status effects
A: horns 2, retaliatory headbutt
a: no special abilities


You were on level 5 of the Dungeon.
You visited 1 branch of the dungeon, and saw 1 of its levels.

Inventory:

Hand Weapons
 a - a +0 hand axe (weapon)
Armour
 b - a +0 leather armour (worn)
Wands
 g - a wand of digging (3)
Scrolls
 c - a scroll of fog
 d - a scroll of magic mapping
 e - a scroll of fear
Potions
 f - a potion of haste


   Skills:
 + Level 3.9 Fighting
 + Level 2.5 Axes
 + Level 2.3 Dodging
 + Level 4.8 Stealth


You had 2 spell levels left.
You didn't know any spells.
Your spell library was empty.

Dungeon Overview and Level Annotations

Branches:
Dungeon (5/15)
 Temple: D:4-7

Altars:


Innate Abilities, Weirdness & Mutations

You have a pair of horns on your head.
You reflexively headbutt those who attack you in melee.


Message History

The hound barks!
The quokka completely misses you.
An orc comes into view. It is wielding a +0 war axe.
The orc shouts!
You hit the quokka but do no damage.
The quokka is moderately wounded.
The quokka barely misses you.
You completely miss the quokka. Your headbutt misses the quokka.
The quokka is moderately wounded.
The quokka bites you. The quokka completely misses you.
You furiously retaliate!
You headbutt the quokka.
You kill the quokka!
You miss the hound. The hound closely misses you.
You hit the hound but do no damage. The hound bites you but does no damage.
The hound bites you.
You hit the hound.
The hound is moderately wounded.
The hound barely misses you. The hound bites you but does no damage.
You slash the hound!
The hound is severely wounded.
The hound bites you but does no damage. The hound bites you.
You closely miss the hound.
The hound is severely wounded.
The hound barely misses you. You furiously retaliate!
You headbutt the hound!
You kill the hound!
You have reached level 2!
You have reached level 3!
Your experience leads to an increase in your attributes!
Increase (S)trength, (I)ntelligence, or (D)exterity?
You feel stronger.
You barely miss the orc. Your headbutt misses the orc.
The orc hits you with a +0 war axe.
* * * LOW HITPOINT WARNING * * *
Unknown command.
You hit the orc.
The orc is heavily wounded.
The orc hits you with a +0 war axe.
* * * LOW HITPOINT WARNING * * *
The orc hits you with a +0 war axe!
You die...

## .##### .....####
## $....... ..
#####..####
.#.#.##.....##..
............#.#$#.#
#.##>##.@oZ#:#Z.
#........#.#.#.#
#..#.#...##..
#.........####
##.#.##........
...#.##.........
.## #.##.##.####. .
.....# .# #.#### .#


You could see an orc, a scorpion zombie and a hound skeleton.

Vanquished Creatures
  A hound (D:5)
  A quokka (D:5)
2 creatures vanquished.

Notes
Turn   | Place    | Note
-------+----------+-------------------------------------------
     0 | D:5      | cbfl8 the Minotaur Delver began the quest for the Orb.
     0 | D:5      | Reached XP level 1. HP: 19/19 MP: 0/0
     1 | D:5      | Noticed a hound
    13 | D:5      | Killed a hound
    14 | D:5      | Reached XP level 2. HP: 11/27 MP: 1/1
    14 | D:5      | Reached XP level 3. HP: 13/33 MP: 2/2
    15 | D:5      | Slain by an orc

Illustrated notes

Levels and vault maps discovered:
D:5:      layout_basic, chequers_temple_overflow_statue_of_worship,
          nicolae_qazlal_style_of_elements, minmay_temple_entry_stoned_glass,
          minmay_checkerbox, uniq_edmund

Action                   || total
-------------------------++-------
Melee: Hand axe          ||    10
       Headbutt          ||     1
Armor: Leather armour    ||     3
Dodge: Dodged            ||     7
